[Event "Turkish Club Cup 2019"]
[Site "Konya"]
[Date "2019.07.16"]
[Round "1"]
[White "Kara, Ali Barkin"]
[Black "Seker, Bilgesu"]
[Result "1-0"]
[ECO "B40"]
[WhiteElo "1749"]
[BlackElo "1273"]
[Annotator "NA"]
[PlyCount "57"]
[EventDate "2019.07.16"]
[EventType "team-tourn"]
[EventCountry "TUR"]
[SourceTitle "playchess.com"]
[Source "ChessBase"]
[SourceQuality "1"]
[TimeControl "5400+30"]

1. e4 c5 2. Nf3 e6 3. b3 Nc6 4. Bb2 Nf6 5. e5 Nd5 6. c4 Nc7 7. g3 b6 8. Bg2 Bb7 9. O-O Be7 10. d4 cxd4 11. Nxd4 O-O 12. Nd2 Rb8 13. Nc2 Ne8 14. f4 d6 15. exd6 Nxd6 16. Nf3 Qc7 17. Qe2 Rfd8 18. Kh1 Ne8 19. Rae1 Rd7 20. Ne3 Nf6 21. g4 g6 22. Ba1 Ne8 23. g5 Bf8 24. Ng4 Bg7 25. Bxg7 Kxg7 26. Qb2+ Kf8 27. Qh8+ Ke7 28. Nf6 Nd6 29. Nd5# 1-0

[Event "Turkish Club Cup 2019"]
[Site "Konya"]
[Date "2019.07.16"]
[Round "1"]
[White "Keskin, Osman Orcun"]
[Black "Karaboga, Baris"]
[Result "1/2-1/2"]
[ECO "D53"]
[WhiteElo "1719"]
[BlackElo "1492"]
[Annotator "NA"]
[PlyCount "64"]
[EventDate "2019.07.16"]
[EventType "team-tourn"]
[EventCountry "TUR"]
[SourceTitle "playchess.com"]
[Source "ChessBase"]
[SourceQuality "1"]
[TimeControl "5400+30"]

1. d4 Nf6 2. Nf3 e6 3. c4 d5 4. Nc3 b6 5. cxd5 exd5 6. Bg5 Bb7 7. e3 Be7 8. Bb5+ Nbd7 9. Bxf6 Bxf6 10. Qa4 a6 11. Bd3 O-O 12. Qb3 Qe7 13. O-O Qd6 14. e4 dxe4 15. Bxe4 Bxe4 16. Nxe4 Qf4 17. Rfe1 Rfe8 18. g3 Qg4 19. Nxf6+ Nxf6 20. Re5 Rxe5 21. dxe5 Ne4 22. Rd1 Nc5 23. Qd5 Rf8 24. Rc1 Ne6 25. Qc6 Nc5 26. Rd1 Ne6 27. a3 h6 28. Rd7 a5 29. Nd2 Nd4 30. Qd5 Ne2+ 31. Kf1 Nf4 32. gxf4 Qd1+ 1/2-1/2

[Event "Turkish Club Cup 2019"]
[Site "Konya"]
[Date "2019.07.16"]
[Round "1"]
[White "Tocoglu, Onur"]
[Black "Ererdem, Gani Eren"]
[Result "1/2-1/2"]
[ECO "B15"]
[WhiteElo "1718"]
[BlackElo "2140"]
[Annotator "ChessBase"]
[PlyCount "107"]
[EventDate "2019.07.16"]
[EventType "team-tourn"]
[EventCountry "TUR"]
[SourceTitle "playchess.com"]
[Source "ChessBase"]
[SourceQuality "1"]
[TimeControl "5400+30"]

1. e4 g6 2. d4 Bg7 3. Nc3 c6 4. Be3 d5 5. exd5 cxd5 6. Bb5+ Bd7 7. Bxd7+ Qxd7 8. Nf3 Nc6 9. Qd2 e6 10. O-O Nge7 11. Bh6 Bxh6 12. Qxh6 Nf5 13. Qf4 O-O 14. Ne2 f6 15. c3 e5 16. dxe5 fxe5 17. Qg5 e4 18. Nfd4 Ncxd4 19. Nxd4 Nxd4 20. cxd4 Qf5 21. Qe3 Rac8 22. Rac1 Qd7 23. Qb3 Rc6 24. Qa4 a6 25. Rxc6 Qxc6 26. Qxc6 bxc6 27. Rc1 Rb8 28. b3 Rb6 29. Kf1 Kf7 30. Ke2 Ke6 31. Rc3 Kd6 32. a3 Rb5 33. f3 exf3+ 34. Kxf3 Rb7 35. b4 Re7 36. Re3 Rf7+ 37. Ke2 Rf4 38. Rf3 Rxd4 39. Rf6+ Kc7 40. Rf7+ Kb6 41. Rxh7 Re4+ 42. Kd2 Rf4 43. Ke2 Rc4 44. Kd2 Kb5 45. Ra7 Kb6 46. Rg7 Rg4 47. g3 a5 48. Kc3 axb4+ 49. axb4 Rc4+ 50. Kb3 Rg4 51. Kc3 Rc4+ 52. Kb3 Rg4 53. Kc3 Rc4+ 54. Kb3 1/2-1/2

[Event "Turkish Club Cup 2019"]
[Site "Konya"]
[Date "2019.07.16"]
[Round "1"]
[White "Asikoglu, Engin Can"]
[Black "Polat, Ahmet Eren"]
[Result "1-0"]
[ECO "E61"]
[WhiteElo "1701"]
[BlackElo "1651"]
[Annotator "NA"]
[PlyCount "103"]
[EventDate "2019.07.16"]
[EventType "team-tourn"]
[EventCountry "TUR"]
[SourceTitle "playchess.com"]
[Source "ChessBase"]
[SourceQuality "1"]
[TimeControl "5400+30"]

1. d4 d6 2. Bf4 Nf6 3. Nf3 g6 4. e3 Bg7 5. Be2 b6 6. h3 Bb7 7. c4 Nbd7 8. Nc3 e6 9. O-O O-O 10. Rc1 Qe7 11. b4 e5 12. Bh2 Ne4 13. Nd5 Qd8 14. Qc2 f5 15. dxe5 dxe5 16. Rfd1 c6 17. Nc3 Nxc3 18. Qxc3 e4 19. Ne5 Bxe5 20. Bxe5 Re8 21. Bf4 Qe7 22. Bg5 Qf7 23. c5 b5 24. Rd6 Nf8 25. Rcd1 Rac8 26. R1d2 Rc7 27. Bd1 Bc8 28. Bd8 Rd7 29. Bb3 Ne6 30. Qe5 Rxd6 31. Qxd6 Qb7 32. Bc7 Kg7 33. Bxe6 Bxe6 34. Qe5+ Kf7 35. Bd8 Bd5 36. Qf6+ Kg8 37. Rxd5 cxd5 38. c6 Qc8 39. c7 Re6 40. Qd4 Qd7 41. Qxa7 Rc6 42. Qb8 Kg7 43. Kh2 Rc2 44. Qb6 Qc6 45. Qxc6 Rxc6 46. a4 bxa4 47. b5 Rc1 48. b6 a3 49. b7 a2 50. c8=Q a1=Q 51. Qxc1 Qxc1 52. b8=Q 1-0

[Event "Turkish Club Cup 2019"]
[Site "Konya"]
[Date "2019.07.16"]
[Round "1"]
[White "Ozcan, Berk"]
[Black "Gulsoy, Mustafa Alpago"]
[Result "0-1"]
[ECO "B06"]
[WhiteElo "1696"]
[BlackElo "2069"]
[Annotator "NA"]
[PlyCount "114"]
[EventDate "2019.07.16"]
[EventType "team-tourn"]
[EventCountry "TUR"]
[SourceTitle "playchess.com"]
[Source "ChessBase"]
[SourceQuality "1"]
[TimeControl "5400+30"]

1. e4 g6 2. d4 Bg7 3. Nf3 d6 4. Bc4 a6 5. a4 b6 6. O-O e6 7. Qe2 Ne7 8. c3 Nd7 9. Rd1 Bb7 10. Nbd2 O-O 11. Bb3 h6 12. Nf1 Re8 13. h3 Nf8 14. Ng3 Qd7 15. e5 Rad8 16. exd6 cxd6 17. Ne4 f5 18. Ng3 Kh7 19. Re1 Ng8 20. h4 Nf6 21. Bc2 Kh8 22. Bf4 Nd5 23. Qd2 Nxf4 24. Qxf4 Qc6 25. Bb3 e5 26. Qd2 e4 27. d5 Qc5 28. Nd4 Bxd5 29. Bxd5 Qxd5 30. h5 Ne6 31. hxg6 Nxd4 32. cxd4 Qe6 33. Nh5 Qxg6 34. Nf4 Qg5 35. g3 Rc8 36. Qe3 Rc4 37. Red1 Rec8 38. Rac1 b5 39. b3 Rxc1 40. Rxc1 Rxc1+ 41. Qxc1 Bxd4 42. Qc8+ Qg8 43. Ng6+ Kg7 44. Qxg8+ Kxg8 45. Ne7+ Kh7 46. Nxf5 Bc5 47. axb5 axb5 48. Ne7 Kg7 49. Nd5 b4 50. Kf1 Kf7 51. Ke2 Ke6 52. Nf4+ Ke5 53. f3 exf3+ 54. Kxf3 Kd4 55. Ne6+ Kc3 56. Ke4 Kxb3 57. Kd3 Ka2 0-1

[Event "Turkish Club Cup 2019"]
[Site "Konya"]
[Date "2019.07.16"]
[Round "1"]
[White "Uysal, Ugur"]
[Black "Capar, Yusuf"]
[Result "1-0"]
[ECO "E67"]
[WhiteElo "1689"]
[BlackElo "1152"]
[Annotator "NA"]
[PlyCount "61"]
[EventDate "2019.07.16"]
[EventType "team-tourn"]
[EventCountry "TUR"]
[SourceTitle "playchess.com"]
[Source "ChessBase"]
[SourceQuality "1"]
[TimeControl "5400+30"]

1. Nf3 d6 2. d4 Nf6 3. c4 Nbd7 4. g3 c5 5. Bg2 g6 6. O-O Bg7 7. Nc3 a6 8. e4 O-O 9. Re1 e5 10. dxe5 dxe5 11. Qe2 Qc7 12. a4 Re8 13. Be3 b6 14. a5 bxa5 15. Nd2 Rb8 16. Reb1 Bb7 17. Nd5 Nxd5 18. cxd5 Qd6 19. Nc4 Qc7 20. Nxa5 f5 21. f3 Rf8 22. Qc4 Kh8 23. b4 Rfc8 24. bxc5 fxe4 25. fxe4 Ba8 26. Rxb8 Rxb8 27. c6 Nb6 28. Qxa6 Bf8 29. Bxb6 Qxb6+ 30. Qxb6 Rxb6 31. c7 1-0

[Event "Turkish Club Cup 2019"]
[Site "Konya"]
[Date "2019.07.16"]
[Round "1"]
[White "Simsek, Meltem"]
[Black "Tasdelen, Buket"]
[Result "1-0"]
[ECO "A25"]
[WhiteElo "1684"]
[BlackElo "1110"]
[Annotator "NA"]
[PlyCount "71"]
[EventDate "2019.07.16"]
[EventType "team-tourn"]
[EventCountry "TUR"]
[SourceTitle "playchess.com"]
[Source "ChessBase"]
[SourceQuality "1"]
[TimeControl "5400+30"]

1. c4 e5 2. Nc3 Nf6 3. g3 Nc6 4. Bg2 a6 5. e3 d6 6. Nge2 Be7 7. O-O O-O 8. b3 Rb8 9. d4 exd4 10. Nxd4 Nxd4 11. exd4 Re8 12. Re1 h6 13. Qd3 Bg4 14. h3 Bh5 15. f4 Qd7 16. f5 Qc8 17. g4 Bxg4 18. hxg4 Nxg4 19. Nd5 Qd7 20. Qg3 c6 21. Nxe7+ Rxe7 22. Rxe7 Qxe7 23. Qxg4 Qf6 24. Bd2 c5 25. Bc3 Qe7 26. Re1 Qg5 27. Qxg5 hxg5 28. dxc5 dxc5 29. Re7 b6 30. Bd5 Rf8 31. Ra7 Kh7 32. Rxf7 Rxf7 33. Bxf7 Kh6 34. Kg2 g4 35. Bg6 b5 36. Bd2# 1-0

[Event "Turkish Club Cup 2019"]
[Site "Konya"]
[Date "2019.07.16"]
[Round "1"]
[White "Tahaoglu, Erkin"]
[Black "Kucuk, Dogan"]
[Result "0-1"]
[ECO "A36"]
[WhiteElo "1671"]
[BlackElo "2028"]
[Annotator "NA"]
[PlyCount "134"]
[EventDate "2019.07.16"]
[EventType "team-tourn"]
[EventCountry "TUR"]
[SourceTitle "playchess.com"]
[Source "ChessBase"]
[SourceQuality "1"]
[TimeControl "5400+30"]

1. e4 c5 2. Nf3 e6 3. d3 Nc6 4. g3 g6 5. Bg2 Bg7 6. O-O Nge7 7. c4 O-O 8. Nc3 Nd4 9. Nxd4 cxd4 10. Nb5 d6 11. Bf4 e5 12. Bd2 a6 13. Na3 Rb8 14. Rc1 Be6 15. f4 Qd7 16. b4 b5 17. fxe5 dxe5 18. Qc2 Rfc8 19. Qb2 Nc6 20. c5 Qd8 21. Nc2 Qf8 22. h4 Bh6 23. Na1 Rd8 24. Kh2 Be3 25. a3 Qh6 26. Nb3 g5 27. Bxe3 dxe3 28. Na5 Nd4 29. c6 gxh4 30. g4 e2 31. c7 exf1=N+ 32. Rxf1 Qe3 33. cxd8=Q+ Rxd8 34. Qf2 Qxf2 35. Rxf2 Rc8 36. Kh3 Rc3 37. Bf1 h5 38. Kxh4 hxg4 39. Nb7 Rxa3 40. Nc5 Ra1 41. Bg2 Kf8 42. Kg3 Ke7 43. Rf1 Ra2 44. Rb1 Kd6 45. Bf1 Kc6 46. Nxe6 fxe6 47. Kxg4 Kb6 48. Kg5 Rf2 49. Bh3 a5 50. bxa5+ Kxa5 51. Bg4 Rg2 52. Kf6 Rxg4 53. Kxe5 Nc6+ 54. Kxe6 Rg6+ 55. Kd5 Nb4+ 56. Kd4 Rd6+ 57. Kc5 Rc6+ 58. Kd4 Rc8 59. Ke3 Rd8 60. Ra1+ Kb6 61. Rd1 Nc6 62. d4 b4 63. d5 Kb5 64. Rc1 Na5 65. Kd3 Nb3 66. Rb1 Ka4 67. Kc4 Nd2+ 0-1

[Event "Turkish Club Cup 2019"]
[Site "Konya"]
[Date "2019.07.16"]
[Round "1"]
[White "Guler, Muhammed Talha"]
[Black "Pamuk, Yagiz"]
[Result "1/2-1/2"]
[ECO "B38"]
[WhiteElo "1652"]
[BlackElo "1405"]
[Annotator "NA"]
[PlyCount "86"]
[EventDate "2019.07.16"]
[EventType "team-tourn"]
[EventCountry "TUR"]
[SourceTitle "playchess.com"]
[Source "ChessBase"]
[SourceQuality "1"]
[TimeControl "5400+30"]

1. e4 c5 2. c4 g6 3. Ne2 Bg7 4. d4 cxd4 5. Nxd4 Nc6 6. Be3 Nf6 7. Nc3 d6 8. Be2 O-O 9. Qd2 Bd7 10. O-O Nxd4 11. Bxd4 Bc6 12. f3 Nd7 13. Bxg7 Kxg7 14. Qd4+ Kg8 15. b4 Qb6 16. Qxb6 Nxb6 17. a4 a5 18. b5 Bd7 19. Nd5 Nxd5 20. cxd5 b6 21. Rfc1 Rac8 22. Kf2 Kg7 23. Ke3 Rxc1 24. Rxc1 Rc8 25. Rxc8 Bxc8 26. Kd4 Kf6 27. f4 e5+ 28. dxe6 fxe6 29. Bf3 Bd7 30. h4 h6 31. g3 Bc8 32. Bg2 Bd7 33. e5+ dxe5+ 34. fxe5+ Ke7 35. Ke4 Be8 36. Kf4 Bf7 37. Bc6 Be8 38. Be4 Bf7 39. Bd3 Kd8 40. Kg4 Ke7 41. Kf4 Be8 42. g4 Bf7 43. g5 h5 1/2-1/2

[Event "Turkish Club Cup 2019"]
[Site "Konya"]
[Date "2019.07.16"]
[Round "1"]
[White "Aksu, Savas"]
[Black "Guder, Eyup Sabri"]
[Result "0-1"]
[ECO "B45"]
[WhiteElo "1638"]
[BlackElo "1909"]
[Annotator "NA"]
[PlyCount "116"]
[EventDate "2019.07.16"]
[EventType "team-tourn"]
[EventCountry "TUR"]
[SourceTitle "playchess.com"]
[Source "ChessBase"]
[SourceQuality "1"]
[TimeControl "5400+30"]

1. e4 c5 2. Nf3 e6 3. d4 cxd4 4. Nxd4 Nf6 5. Nc3 Nc6 6. a3 d5 7. Bb5 Bd7 8. Bg5 Be7 9. exd5 Nxd5 10. Bxe7 Qxe7 11. Qd2 O-O 12. Bxc6 Bxc6 13. Nxc6 bxc6 14. O-O Rab8 15. Rab1 Rfd8 16. Rfe1 Qh4 17. Ne4 Nf6 18. Nxf6+ Qxf6 19. Qc1 h6 20. h3 Rd7 21. c3 Rbd8 22. Qe3 Qf5 23. Rbc1 Qb5 24. Rc2 c5 25. c4 Qa4 26. Qc1 Rd4 27. Kh2 Qa6 28. g3 Qc6 29. Qe3 Rd3 30. Qe4 Qa4 31. Rec1 Qd7 32. Re1 Rd4 33. Qe5 Qa4 34. Rec1 Qc6 35. Qe2 Rd3 36. Re1 R8d4 37. Kg1 Qd6 38. Kg2 Rd2 39. Rxd2 Rxd2 40. Qe4 Rxb2 41. Qa8+ Qb8 42. Qxb8+ Rxb8 43. Re5 Rc8 44. Kf3 Kf8 45. Ke3 Ke7 46. Kd3 f6 47. Re2 Rb8 48. Kc2 a5 49. Rd2 a4 50. Rd3 Rd8 51. Re3 Rd4 52. Rc3 h5 53. h4 g5 54. hxg5 fxg5 55. Kc1 e5 56. Kb2 Rd2+ 57. Rc2 Rxc2+ 58. Kxc2 h4 0-1

[Event "Turkish Club Cup 2019"]
[Site "Konya"]
[Date "2019.07.16"]
[Round "1"]
[White "Ipek, Yunus Enes"]
[Black "Yasin, Hur"]
[Result "0-1"]
[ECO "A00"]
[WhiteElo "1638"]
[BlackElo "1953"]
[Annotator "NA"]
[PlyCount "140"]
[EventDate "2019.07.16"]
[EventType "team-tourn"]
[EventCountry "TUR"]
[SourceTitle "playchess.com"]
[Source "ChessBase"]
[SourceQuality "1"]
[TimeControl "5400+30"]

1. g4 d5 2. Bg2 c6 3. h3 e5 4. d4 e4 5. c4 Be6 6. Bf4 Bb4+ 7. Nc3 Qa5 8. Qc2 f5 9. cxd5 cxd5 10. gxf5 Bxf5 11. e3 Nd7 12. Nge2 Ngf6 13. O-O O-O 14. a3 Be7 15. b4 Qa6 16. Qa2 Qe6 17. Bg3 g5 18. Nb5 Ne8 19. Nec3 Nb6 20. f3 a6 21. fxe4 axb5 22. Nxd5 Nxd5 23. exf5 Qxe3+ 24. Bf2 Qf4 25. Qxd5+ Kh8 26. Qxb7 Bd6 27. Rfe1 Rb8 28. Qf3 Rxf5 29. Qxf4 Bxf4 30. Be3 Nd6 31. Bxf4 gxf4 32. Re5 Rg8 33. Kf2 Rf6 34. Rc1 Rg3 35. d5 Rxa3 36. Re6 Rxe6 37. dxe6 Re3 38. Re1 Rxe1 39. Kxe1 Kg7 40. Kf2 Kf6 41. Bd5 Ke5 42. Ba2 Nf5 43. Kf3 h5 44. Kf2 Ne7 45. Kg2 Nc6 46. Kf3 Nd4+ 47. Kf2 Nxe6 48. Kf3 Nd4+ 49. Kf2 h4 50. Bf7 Kf6 51. Be8 Ke6 52. Ke1 Kd5 53. Bf7+ Ke4 54. Be8 Ke3 55. Kf1 f3 56. Bd7 f2 57. Be8 Nc2 58. Bxb5 Nxb4 59. Bc4 Nc6 60. Bb5 Nd4 61. Ba6 Kf3 62. Bb7+ Kg3 63. Ba6 Nf3 64. Ke2 Nh2 65. Ke3 f1=Q 66. Bxf1 Nxf1+ 67. Ke2 Nh2 68. Ke3 Nf3 69. Ke2 Ng1+ 70. Kf1 Nxh3 0-1

[Event "Turkish Club Cup 2019"]
[Site "Konya"]
[Date "2019.07.16"]
[Round "1"]
[White "Mermer, Yunus"]
[Black "Demirbas, Emre"]
[Result "0-1"]
[ECO "D00"]
[WhiteElo "1625"]
[BlackElo "1913"]
[Annotator "NA"]
[PlyCount "62"]
[EventDate "2019.07.16"]
[EventType "team-tourn"]
[EventCountry "TUR"]
[SourceTitle "playchess.com"]
[Source "ChessBase"]
[SourceQuality "1"]
[TimeControl "5400+30"]

1. d4 d5 2. Nc3 g6 3. Bg5 Bg7 4. e3 Nf6 5. Be2 c5 6. Nf3 Ne4 7. Bf4 Qa5 8. O-O Nxc3 9. bxc3 O-O 10. Qd2 Nd7 11. Rfd1 Nf6 12. c4 Qa4 13. cxd5 Nxd5 14. Be5 Nf6 15. c3 c4 16. Rdc1 Be6 17. Qc2 Qc6 18. Nd2 Rac8 19. e4 Qa6 20. f3 Rfd8 21. d5 Nxd5 22. Bxg7 Ne3 23. Qb2 Kxg7 24. Kf2 Qd6 25. Kxe3 Qc5+ 26. Kf4 Qf2 27. Nb1 Rc5 28. h4 h6 29. e5 g5+ 30. Ke4 Rxe5+ 31. Kxe5 Qe3# 0-1

[Event "Turkish Club Cup 2019"]
[Site "Konya"]
[Date "2019.07.16"]
[Round "1"]
[White "Agurlu, Fatih Selami"]
[Black "Cetinkaya, Vedat Ali"]
[Result "0-1"]
[ECO "B17"]
[WhiteElo "1592"]
[BlackElo "2074"]
[Annotator "NA"]
[PlyCount "94"]
[EventDate "2019.07.16"]
[EventType "team-tourn"]
[EventCountry "TUR"]
[SourceTitle "playchess.com"]
[Source "ChessBase"]
[SourceQuality "1"]
[TimeControl "5400+30"]

1. e4 c6 2. d4 d5 3. Nc3 dxe4 4. Nxe4 Nd7 5. Qe2 Ndf6 6. Nxf6+ Nxf6 7. Be3 Bf5 8. Qc4 g6 9. Bd3 Be6 10. Qc3 Bg7 11. Ne2 Nd5 12. Qd2 Nxe3 13. Qxe3 O-O 14. O-O Qd6 15. c3 Rad8 16. Rfd1 Rfe8 17. h4 Bg4 18. f3 Bc8 19. Bc4 e6 20. f4 Bf6 21. g3 b5 22. Bb3 Bb7 23. Qd3 a6 24. Qf3 Qc7 25. Qf2 Be7 26. Kh2 c5 27. Bc2 Qc6 28. Rd2 Rd7 29. Rad1 Red8 30. Nc1 cxd4 31. cxd4 Rxd4 32. Nd3 Bc5 33. Qf1 Bb4 34. Re2 Ba5 35. b4 Bb6 36. Ne5 Qd6 37. Rde1 Rd2 38. Bb3 Qxb4 39. Nxf7 Kxf7 40. Kh3 Qc5 41. Rxe6 Bc8 42. f5 Kg7 43. Re7+ Kh8 44. Re8+ Rxe8 45. Rxe8+ Kg7 46. Qa1+ Kh6 47. Rxc8 Qxf5+ 0-1

[Event "Turkish Club Cup 2019"]
[Site "Konya"]
[Date "2019.07.16"]
[Round "1"]
[White "Pulat, Gulce"]
[Black "Gokcek, Kursat Bugra"]
[Result "0-1"]
[ECO "B17"]
[WhiteElo "1568"]
[BlackElo "2150"]
[Annotator "ChessBase"]
[PlyCount "88"]
[EventDate "2019.07.16"]
[EventType "team-tourn"]
[EventCountry "TUR"]
[SourceTitle "playchess.com"]
[Source "ChessBase"]
[SourceQuality "1"]
[TimeControl "5400+30"]

1. e4 c6 2. Nc3 d5 3. Nf3 dxe4 4. Nxe4 Nf6 5. Qe2 Be6 6. Nc5 Bc8 7. d4 Nbd7 8. Nxd7 Bxd7 9. Bg5 Bg4 10. O-O-O e6 11. h3 Bxf3 12. Qxf3 Be7 13. Bc4 O-O 14. h4 a5 15. g4 Nd5 16. Bxe7 Qxe7 17. Rde1 Qb4 18. Qb3 b5 19. Bxd5 cxd5 20. Rd1 Qd6 21. h5 h6 22. Qe3 Qe7 23. f4 Qf6 24. g5 Qf5 25. gxh6 gxh6 26. Rde1 Rac8 27. Rh2 Kh7 28. Qe5 Qg4 29. Rhh1 Rg8 30. Qe3 Qf5 31. Qf2 Rg4 32. Re5 Qxf4+ 33. Qxf4 Rxf4 34. Rd1 Rc4 35. c3 b4 36. Kc2 Rf2+ 37. Rd2 Rxd2+ 38. Kxd2 bxc3+ 39. bxc3 Ra4 40. Kc2 Rxa2+ 41. Kb3 Rh2 42. Ka4 Rh3 43. c4 dxc4 44. Rxa5 Rd3 0-1

[Event "Turkish Club Cup 2019"]
[Site "Konya"]
[Date "2019.07.16"]
[Round "1"]
[White "Alak, Agdar"]
[Black "Kazik, Oguz Kagan"]
[Result "1/2-1/2"]
[ECO "E15"]
[WhiteElo "1528"]
[BlackElo "1706"]
[Annotator "NA"]
[PlyCount "142"]
[EventDate "2019.07.16"]
[EventType "team-tourn"]
[EventCountry "TUR"]
[SourceTitle "playchess.com"]
[Source "ChessBase"]
[SourceQuality "1"]
[TimeControl "5400+30"]

1. d4 Nf6 2. c4 e6 3. Nf3 b6 4. g3 Ba6 5. Qc2 Bb4+ 6. Bd2 Be7 7. Bg2 O-O 8. O-O c6 9. Re1 d5 10. Ne5 Nfd7 11. Nxd7 Nxd7 12. cxd5 cxd5 13. Qa4 Bb7 14. Bb4 Nf6 15. Nd2 Bxb4 16. Qxb4 Rc8 17. Rac1 Qd7 18. Nb3 Ba6 19. e3 h6 20. a3 Rxc1 21. Rxc1 Rc8 22. Rxc8+ Qxc8 23. Qc3 Qd7 24. Nd2 Ne8 25. e4 dxe4 26. Bxe4 Nc7 27. Qc6 Qxc6 28. Bxc6 Kf8 29. f4 Ke7 30. Kf2 Kd6 31. Be4 Ne8 32. Ke3 Nf6 33. Bf3 Nd5+ 34. Bxd5 Kxd5 35. b3 f6 36. Nb1 e5 37. Nc3+ Kd6 38. dxe5+ fxe5 39. f5 h5 40. Ne4+ Ke7 41. h3 Bf1 42. Nf2 Bg2 43. g4 h4 44. Kd3 g6 45. fxg6 Kf6 46. g7 Kxg7 47. Ke3 Kg6 48. b4 Kh6 49. Nd3 Bxh3 50. Nxe5 Kg5 51. Kf3 Bf1 52. Nf7+ Kg6 53. Nd6 Kg5 54. Ne4+ Kg6 55. Kf4 a5 56. Nd2 Be2 57. Ne4 h3 58. Kg3 h2 59. Nf2 Kg5 60. Nh3+ Kf6 61. g5+ Kf5 62. Kxh2 Bg4 63. g6 Kxg6 64. Nf4+ Kf5 65. Kg3 axb4 66. axb4 Bd1 67. Nd5 Bb3 68. Nxb6 Ke5 69. Kf3 Kd4 70. Kf4 Kc3 71. b5 Kb4 1/2-1/2

[Event "Turkish Club Cup 2019"]
[Site "Konya"]
[Date "2019.07.16"]
[Round "1"]
[White "Postoglu, Gulden"]
[Black "Haktanirlar, Zeren"]
[Result "1-0"]
[ECO "B13"]
[WhiteElo "1518"]
[BlackElo "1294"]
[Annotator "NA"]
[PlyCount "71"]
[EventDate "2019.07.16"]
[EventType "team-tourn"]
[EventCountry "TUR"]
[SourceTitle "playchess.com"]
[Source "ChessBase"]
[SourceQuality "1"]
[TimeControl "5400+30"]

1. e4 c6 2. d4 d5 3. exd5 cxd5 4. Bd3 Nc6 5. c3 Nf6 6. Bf4 Bg4 7. Nf3 e6 8. Nbd2 Bd6 9. Bxd6 Qxd6 10. O-O O-O 11. Qc2 Rac8 12. a3 Rfe8 13. Rae1 a6 14. Qb1 b5 15. Ne5 Bh5 16. f4 Bg6 17. Nxg6 hxg6 18. Re3 Nh5 19. g3 Re7 20. Nf3 Na5 21. Ne5 Nc4 22. Re2 Nf6 23. Qe1 Qb6 24. g4 Nxe5 25. fxe5 Nxg4 26. Qh4 Qd8 27. Qxg4 Rb7 28. Re3 g5 29. Rh3 Rc6 30. Rh5 f5 31. Qxg5 Qxg5+ 32. Rxg5 a5 33. Rc1 b4 34. axb4 Rxb4 35. Rc2 Rb3 36. Rg6 1-0

[Event "Turkish Club Cup 2019"]
[Site "Konya"]
[Date "2019.07.16"]
[Round "1"]
[White "Togrul, Ayberk"]
[Black "Atas, Yunus"]
[Result "1-0"]
[ECO "A04"]
[WhiteElo "1491"]
[BlackElo "1876"]
[Annotator "NA"]
[PlyCount "65"]
[EventDate "2019.07.16"]
[EventType "team-tourn"]
[EventCountry "TUR"]
[SourceTitle "playchess.com"]
[Source "ChessBase"]
[SourceQuality "1"]
[TimeControl "5400+30"]

1. Nf3 c5 2. g3 Nc6 3. Bg2 g6 4. O-O Bg7 5. d3 e5 6. Be3 e4 7. dxe4 Bxb2 8. Nbd2 Bxa1 9. Qxa1 f6 10. Nc4 d5 11. exd5 Qxd5 12. Nfd2 Qe6 13. Bxc5 Nge7 14. Nd6+ Kf8 15. Bxc6 bxc6 16. N2e4 Kg7 17. Nxf6 Qxf6 18. Bd4 Nd5 19. Bxf6+ Nxf6 20. Qe5 Rf8 21. Rd1 Kg8 22. Rd4 Ng4 23. Qe7 Nh6 24. Rh4 Nf7 25. Ne4 h5 26. Nf6+ Kg7 27. f3 Ba6 28. g4 Bxe2 29. gxh5 g5 30. Rg4 Bxf3 31. Rxg5+ Kh8 32. Rg6 Bd5 33. Rh6+ 1-0

[Event "Turkish Club Cup 2019"]
[Site "Konya"]
[Date "2019.07.16"]
[Round "1"]
[White "Mertoglu, Huseyin"]
[Black "Urkmez, Ali Tuna"]
[Result "1-0"]
[ECO "A25"]
[WhiteElo "1461"]
[BlackElo "1273"]
[Annotator "NA"]
[PlyCount "93"]
[EventDate "2019.07.16"]
[EventType "team-tourn"]
[EventCountry "TUR"]
[SourceTitle "playchess.com"]
[Source "ChessBase"]
[SourceQuality "1"]
[TimeControl "5400+30"]

1. c4 e5 2. Nc3 Nf6 3. d3 Bb4 4. Bd2 Nc6 5. g3 O-O 6. Bg2 d6 7. a3 Bc5 8. Nf3 Be6 9. Ng5 Qd7 10. b4 Bb6 11. O-O Bg4 12. h3 h6 13. hxg4 hxg5 14. Bxg5 Nxg4 15. e4 f6 16. Bd2 Nh6 17. Qh5 Qg4 18. Qh1 Kh7 19. Bh3 Qxg3+ 20. Bg2 Nd4 21. Qh5 Qg4 22. Qxg4 Nxg4 23. a4 a5 24. b5 Nb3 25. Rad1 Nxd2 26. Rxd2 Ne3 27. fxe3 Bxe3+ 28. Rff2 Bxd2 29. Rxd2 Rh8 30. Nd5 c6 31. bxc6 bxc6 32. Ne7 c5 33. Bh3 Rae8 34. Bf5+ Kh6 35. Rh2+ Kg5 36. Rg2+ Kh6 37. Rg6+ Kh7 38. Rxf6+ g6 39. Nxg6 Kg7 40. Rxd6 Rh6 41. Rc6 Rf8 42. Rc7+ Rf7 43. Rxc5 Rxg6+ 44. Bxg6 Kxg6 45. Rxe5 Rf3 46. Rd5 Rf7 47. Rxa5 1-0

[Event "Turkish Club Cup 2019"]
[Site "Konya"]
[Date "2019.07.16"]
[Round "1"]
[White "Kantar, Cihat Celaleddin"]
[Black "Celik, Faruk"]
[Result "1-0"]
[ECO "B45"]
[WhiteElo "1453"]
[BlackElo "1493"]
[Annotator "NA"]
[PlyCount "149"]
[EventDate "2019.07.16"]
[EventType "team-tourn"]
[EventCountry "TUR"]
[SourceTitle "playchess.com"]
[Source "ChessBase"]
[SourceQuality "1"]
[TimeControl "5400+30"]

1. e4 c5 2. Nf3 Nc6 3. d4 cxd4 4. Nxd4 e6 5. Nc3 Bb4 6. Nb3 Qh4 7. Bd3 Ne5 8. Bd2 a6 9. Qe2 b5 10. a3 Be7 11. Na5 Nf6 12. O-O Nfg4 13. h3 h5 14. Bf4 Bc5 15. Be3 Nxe3 16. fxe3 Qg3 17. Nd1 Nxd3 18. cxd3 Bd6 19. Qf3 Qh2+ 20. Kf2 Rh6 21. e5 Rb8 22. Ke2 Qxe5 23. Qxf7+ Kd8 24. Rc1 Rf6 25. Rxf6 Qxf6 26. Qxh5 Bf8 27. Qf3 Qxf3+ 28. Kxf3 b4 29. axb4 Bxb4 30. Nc4 Bb7+ 31. e4 Ke7 32. Ne5 Rf8+ 33. Ke3 Kd8 34. Nf3 d5 35. Nd4 Kd7 36. Nf2 e5 37. Nf3 d4+ 38. Ke2 Bd6 39. Ng4 Re8 40. Nh4 Bb8 41. Nf5 Rg8 42. Nh4 Ke6 43. Nf3 Bd6 44. Ng5+ Kd7 45. Rf1 Kc6 46. Rf7 Bc8 47. Nf2 Bd7 48. Nd1 Bc7 49. Rf2 a5 50. Kd2 a4 51. Kc1 Bd8 52. Nf3 Kd6 53. Rc2 g5 54. Nf2 Be6 55. Ng4 Bb3 56. Rc8 Be6 57. Ra8 Bb3 58. Nfxe5 Rf8 59. Nf3 Kc5 60. Rc8+ Kb6 61. Rb8+ Ka7 62. Rb4 Ba5 63. Rxd4 Rc8+ 64. Kb1 Rc2 65. Rd7+ Kb6 66. Rd6+ Kc7 67. Rg6 Rxg2 68. Rg7+ Kb6 69. Rg6+ Kc5 70. Rxg5+ Kb4 71. Ne3 Rf2 72. Nd4 Rxb2+ 73. Kxb2 a3+ 74. Ka1 Ba4 75. Ndc2+ 1-0

[Event "Turkish Club Cup 2019"]
[Site "Konya"]
[Date "2019.07.16"]
[Round "1"]
[White "Erdem, Eren"]
[Black "Toren, Kadir"]
[Result "0-1"]
[ECO "D06"]
[WhiteElo "1448"]
[BlackElo "1736"]
[Annotator "NA"]
[PlyCount "124"]
[EventDate "2019.07.16"]
[EventType "team-tourn"]
[EventCountry "TUR"]
[SourceTitle "playchess.com"]
[Source "ChessBase"]
[SourceQuality "1"]
[TimeControl "5400+30"]

1. d4 d5 2. c4 Bf5 3. Qb3 b6 4. cxd5 Bxb1 5. Rxb1 Nf6 6. Nf3 Qxd5 7. Qxd5 Nxd5 8. e4 Nf6 9. e5 Nd5 10. Bc4 e6 11. Bxd5 exd5 12. O-O Be7 13. Bf4 O-O 14. Rfd1 Na6 15. Rbc1 Rac8 16. a3 Rfd8 17. Rc3 c5 18. Rdc1 Nc7 19. dxc5 bxc5 20. Nd4 Ne6 21. Nf5 Bf8 22. Bg3 g6 23. Nd6 Rb8 24. Rb1 a5 25. a4 Rb4 26. b3 Rdb8 27. Nb5 c4 28. f3 cxb3 29. Rcxb3 Rxa4 30. Nc3 Rab4 31. Rxb4 Bxb4 32. Kf1 d4 33. Nd5 Rb5 34. Ne7+ Kf8 35. Nc6 Rb6 36. Nxb4 axb4 37. Ke2 Ke7 38. Kd3 b3 39. Kc4 b2 40. Kd3 Kd7 41. Kc2 Kc6 42. Rxb2 Rxb2+ 43. Kxb2 Kd5 44. Kc2 Kc4 45. Bf2 Nc5 46. g4 d3+ 47. Kd1 Nb3 48. h4 h5 49. g5 Kd5 50. Bg3 Kd4 51. Bf4 Na5 52. Bg3 Ke3 53. f4 Nc4 54. f5 Nb2+ 55. Kc1 d2+ 56. Kxb2 d1=Q 57. e6 Qd4+ 58. Kc1 fxe6 59. fxg6 Kd3 60. Kb1 Kc3 61. Be1+ Kb3 62. Kc1 Qd3 0-1